 Dungeon Crawl Stone Soup version 0.23.2-1-ga50397a (webtiles) character file.

Game seed: 8698485754107197534

10889 IBeShadow the Cleaver (level 11, -4/108 HPs)
             Began as a Deep Dwarf Fighter on May 9, 2019.
             Was an Elder of Makhleb.
             Slain by a komodo dragon (20 damage)
             ... on level 11 of the Dungeon.
             The game lasted 00:26:14 (9426 turns).

IBeShadow the Cleaver (Deep Dwarf Fighter)          Turns: 9426, Time: 00:26:15

Health: -4/108     AC: 12    Str: 23    XL:     11   Next: 42%
Magic:  9/9        EV:  8    Int:  9    God:    Makhleb [****..]
Gold:   521        SH:  0    Dex: 12    Spells: 10/10 levels left

rFire    . . .     SeeInvis .   c - +2 battleaxe (elec)
rCold    . . .     Gourm    +   (shield currently unavailable)
rNeg     . . .     Faith    .   w - +0 chain mail
rPois    .         Spirit   .   y - +2 helmet
rElec    .         Reflect  .   (no cloak)
rCorr    .         Harm     .   (no gloves)
MR       +....                  (no boots)
Stlth    ..........             M - amulet of the gourmand
HPRegen  0.00/turn              D - ring of flight
MPRegen  0.11/turn              (no ring)

@: non-regenerating
A: damage resistance, heal wounds, sense surroundings 2, no regeneration
a: Heal Wounds, Minor Destruction, Lesser Servant of Makhleb, Major Destruction,
Renounce Religion, Evoke Flight


You were on level 11 of the Dungeon.
You worshipped Makhleb.
Makhleb was greatly pleased with you.
You were completely stuffed.

You visited 2 branches of the dungeon, and saw 12 of its levels.

You collected 576 gold pieces.
You spent 55 gold pieces at shops.

Inventory:

Hand Weapons
 a - a +0 war axe
 c - a +2 battleaxe of electrocution (weapon)
 o - a +0 hunting sling
 v - a cursed -2 battleaxe
 Q - the +11 lajatang "Xikiuw" {distort, rElec rF+ rC+ Dex-4}
   (You found it on level 9 of the Dungeon)

   It warps and distorts space around it.
   Unwielding it can cause banishment or high damage.
   It affects your dexterity (-4).
   It protects you from fire.
   It protects you from cold.
   It insulates you from electricity.
Missiles
 h - 49 sling bullets
 i - 257 stones (quivered)
Armour
 j - a +0 cloak
 u - a +0 shield
 w - a +0 chain mail (worn)
 y - a +2 helmet (worn)
 O - a +0 ring mail of magic resistance
Jewellery
 D - a ring of flight (left hand)
 M - an amulet of the gourmand (around neck)
 N - an uncursed ring of see invisible
 T - an uncursed ring of fire
Wands
 b - a wand of digging (11)
 A - a wand of acid (10)
 E - a wand of flame (12)
 J - a wand of random effects (25)
 V - a wand of clouds (5)
Scrolls
 e - 5 scrolls of immolation
 k - 3 scrolls of teleportation
 l - 11 scrolls of remove curse
 r - 4 scrolls of noise
 t - 2 scrolls of amnesia
 x - a scroll of random uselessness {unknown}
 B - 2 scrolls of enchant armour {unknown}
 G - 2 scrolls of fear
 H - a scroll of fog
 K - a scroll of blinking {unknown}
 L - 2 scrolls of vulnerability {unknown}
 P - a scroll of torment {unknown}
 R - 2 scrolls of enchant weapon
 U - a scroll of identify
Potions
 d - 4 potions of might
 g - a potion of mutation {unknown}
 m - 2 potions of flight
 n - 2 potions of lignification
 p - 3 potions of heal wounds {unknown}
 q - 3 potions of agility
 s - 2 potions of invisibility {unknown}
 z - 9 potions of curing
 C - a potion of berserk rage {unknown}
 F - a potion of brilliance {unknown}
 I - 2 potions of haste {unknown}
Comestibles
 f - 25 rations
 S - 5 chunks of flesh


   Skills:
 + Level 9.7 Fighting
 * Level 12.5 Axes
 + Level 4.4 Staves
 - Level 7.4 Slings
 - Level 3.2 Armour
 - Level 3.2 Shields
 + Level 5.9 Invocations


You had 10 spell levels left.
You didn't know any spells.
Your spell library contained the following spells:

 Spells                   Type           Power        Failure   Level  Hunger
 Animate Skeleton         Necr           N/A          97%         1    ##.....
 Freeze                   Ice            #...         97%         1    ##.....
 Pain                     Necr           #...         97%         1    ##.....
 Sting                    Conj/Pois      #...         97%         1    ##.....
 Poisonous Vapours        Pois/Air       #.....       99%         2    ###....
 Throw Frost              Conj/Ice       #.....       99%         2    ###....
 Mephitic Cloud           Conj/Pois/Air  #.......     100%        3    ####...
 Ozocubu's Armour         Chrm/Ice       #.......     100%        3    ####...
 Vampiric Draining        Necr           #.........   100%        3    ####...
 Animate Dead             Necr           N/A          100%        4    #####..
 Olgreb's Toxic Radiance  Pois           #.......     100%        4    #####..
 Summon Ice Beast         Ice/Summ       #.......     100%        4    #####..
 Throw Icicle             Conj/Ice       #.......     100%        4    #####..
 Venom Bolt               Conj/Pois      #.........   100%        5    ######.
 Regeneration             Chrm/Necr      Unusable     N/A         3    N/A

Dungeon Overview and Level Annotations

Branches:
Dungeon (11/15)            Temple (1/1) D:6            Lair (0/6) D:11
    Orc (0/2) D:9

Altars:
Ashenzari
Cheibriados
Dithmenos
Elyvilon
Fedhas
Gozag
Hepliaklqana
Kikubaaqudgha
Makhleb
Nemelex Xobeh
Okawaru
Qazlal
Ru
Sif Muna
Trog
Uskayaw
Vehumet
Wu Jian
Xom
Yredelemnul
Zin
The Shining One

Shops:
D:6 :*:=   D:9 [


Innate Abilities, Weirdness & Mutations

You are resistant to damage.
You can heal yourself by infusing magical energy.
You passively map the area around you.
You do not regenerate.


Message History

The komodo dragon closely misses you.
You slash the komodo dragon!
The komodo dragon is heavily wounded.
You slash something! Lightning courses through something! Something hits you.
The komodo dragon barely misses you. Something hits you.
* * * LOW HITPOINT WARNING * * *
You completely miss the komodo dragon.
The komodo dragon is heavily wounded.
You closely miss something. Something hits you but does no damage.
The komodo dragon bites you!
* * * LOW HITPOINT WARNING * * *
You feel much better. The komodo dragon bites you!
* * * LOW HITPOINT WARNING * * *
Something hits you.
You slash the komodo dragon!
The komodo dragon is severely wounded.
You hit something. Lightning courses through something! Something hits you.
* * * LOW HITPOINT WARNING * * *
The komodo dragon bites you!!
You die...

≈≈≈............... * ,
≈≈≈)....######...#*,, ,,
≈≈≈)....####...#### *** *
........##...####.# ,,,,
* ...........###.#.## ,*
, ....#.)..####.#.#.#,* ,
......)###.#.#.#!## ,, ,
.....##)).#.#.#!#.# ,,8
#.....)###.#.#.#@# * , *
≈...##...####.#.#l..# * +
.......#...###.#.#...#*
*,
.......###...####.##....,
, *, *
...............#### ### ,
* ).........#......## ,
*, * ..##..#...###.....#
* ...^......##......## *
..........##.......# , ,


You could see a komodo dragon.

Vanquished Creatures
  A two-headed ogre (D:10)
  A salamander (shapeshifter) (D:11)
  Maurice (D:9)
  3 trolls
  A hornet (D:11)
  3 hippogriffs
  18 yaks
  A wyvern (D:10)
  2 hungry ghosts
  Menkaure (D:7)
  2 wargs (D:11)
  7 orc warriors
  A sky beast (D:8)
  2 black bears
  2 phantoms (D:9)
  An ice beast (D:7)
  5 ogres
  5 centaurs
  A big kobold (D:11)
  2 bullfrogs
  A gnoll sergeant (D:8)
  A water moccasin zombie (D:6)
  3 scorpions
  9 killer bees
  2 howler monkeys (D:5)
  4 wights (D:10)
  3 electric eels (D:11)
  3 crimson imps
  2 centaur zombies
  A lava snake (D:7)
  A jelly (D:5)
  A quasit (D:9)
  A bullfrog zombie (D:8)
  3 hounds
  6 orc priests
  A gnoll shaman (D:7)
  3 bullfrog skeletons
  An iguana (D:6)
  14 orc wizards
  4 worker ants
  A killer bee zombie (D:7)
  A hound zombie (D:7)
  A hound skeleton (D:10)
  A worker ant zombie (D:7)
  Robin (D:4)
  9 adders
  12 gnolls
  A howler monkey skeleton (D:7)
  A shadow imp (D:8)
  2 oozes
  An adder zombie (D:8)
  4 worms
  A dart slug (D:3)
  4 leopard geckos
  28 orcs
  4 bats
  4 giant cockroaches
  12 hobgoblins
  9 jackals
  10 kobolds
  4 quokkas
  A ball python (D:1)
  3 frilled lizards
  17 goblins
  A leopard gecko zombie (D:8)
  7 rats
264 creatures vanquished.

Vanquished Creatures (others)
  An orc (D:11)
  5 fungi (D:5)
6 creatures vanquished.

Grand Total: 270 creatures vanquished

Notes
Turn   | Place    | Note
-------+----------+-------------------------------------------
     0 | D:1      | IBeShadow the Deep Dwarf Fighter began the quest for the
                  | Orb.
     0 | D:1      | Reached XP level 1. HP: 20/20 MP: 1/1
   102 | D:1      | Reached XP level 2. HP: 28/28 MP: 2/2
   231 | D:1      | Reached skill level 3 in Axes
   733 | D:2      | Reached XP level 3. HP: 27/34 MP: 3/3
   911 | D:2      | Found an iron altar of Okawaru.
   912 | D:2      | Found a bloodstained altar of Trog.
  1419 | D:3      | Reached XP level 4. HP: 26/43 MP: 4/4
  1476 | D:3      | Reached skill level 1 in Slings
  1777 | D:3      | Reached skill level 4 in Axes
  1903 | D:3      | Reached XP level 5. HP: 44/50 MP: 5/5
  1993 | D:3      | Found an ornate altar of the Wu Jian Council.
  2741 | D:4      | Found a glowing silver altar of Zin.
  2943 | D:4      | Noticed Robin
  2953 | D:4      | Reached XP level 6. HP: 39/58 MP: 6/6
  2955 | D:4      | Killed Robin
  3445 | D:5      | Entered Level 5 of the Dungeon
  3636 | D:5      | Reached skill level 5 in Axes
  3740 | D:5      | Reached skill level 5 in Fighting
  3740 | D:5      | Reached XP level 7. HP: 50/67 MP: 7/7
  3848 | D:5      | Found a shadowy altar of Dithmenos.
  4029 | D:5      | Noticed a steam dragon
  4129 | D:6      | Reached skill level 6 in Axes
  4301 | D:6      | Found Atsi's General Store.
  4352 | D:6      | Bought a scroll of fear for 35 gold pieces
  4352 | D:6      | Bought a scroll of fog for 20 gold pieces
  4372 | D:6      | Found Viri's Book Emporium.
  4465 | D:6      | Found a staircase to the Ecumenical Temple.
  4500 | Temple   | Entered the Ecumenical Temple
  4676 | Temple   | Became a worshipper of Makhleb the Destroyer
  4720 | D:6      | Reached XP level 8. HP: 55/76 MP: 7/7
  4758 | D:6      | Found Cimoqekh's Jewellery Shop.
  4900 | D:6      | Found Gyduif's Book Shoppe.
  4974 | D:7      | Reached skill level 7 in Axes
  5122 | D:7      | Found a glowing golden altar of the Shining One.
  5131 | D:7      | Found a shattered altar of Ashenzari.
  5167 | D:7      | Noticed Menkaure
  5183 | D:7      | Killed Menkaure
  5183 | D:7      | Reached skill level 5 in Slings
  5189 | D:7      | Found a snail-covered altar of Cheibriados.
  5483 | D:7      | Reached * piety under Makhleb
  5757 | D:7      | Reached skill level 8 in Axes
  5839 | D:7      | Gained mutation: You passively map the area around you.
                  | [Deep Dwarf growth]
  5839 | D:7      | Reached XP level 9. HP: 15/86 MP: 7/7
  6098 | D:7      | Found a shimmering altar of Xom.
  6099 | D:7      | Found a white marble altar of Elyvilon.
  6100 | D:7      | Found a hide-covered altar of Uskayaw.
  6832 | D:8      | Reached skill level 9 in Axes
  6985 | D:8      | Reached ** piety under Makhleb
  7282 | D:9      | Got a translucent lajatang
  7289 | D:9      | Identified the +11 lajatang "Xikiuw" {distort, rElec rF+
                  | rC+ Dex-4} (You found it on level 9 of the Dungeon)
  7360 | D:9      | Found Sunischo's Antique Armour Shop.
  7374 | D:9      | Found a staircase to the Orcish Mines.
  7403 | D:9      | Noticed Maurice
  7441 | D:9      | Killed Maurice
  7441 | D:9      | Reached skill level 10 in Axes
  7813 | D:9      | Reached XP level 10. HP: 45/98 MP: 7/7
  8121 | D:10     | Entered Level 10 of the Dungeon
  8139 | D:9      | Reached skill level 1 in Staves
  8236 | D:10     | Noticed a two-headed ogre
  8318 | D:10     | Reached skill level 1 in Invocations
  8383 | D:10     | Reached skill level 11 in Axes
  8649 | D:10     | Reached *** piety under Makhleb
  8852 | D:10     | Reached XP level 11. HP: 101/106 MP: 10/10
  8892 | D:10     | Killed a two-headed ogre
  8892 | D:10     | Reached skill level 12 in Axes
  9160 | D:11     | Reached skill level 5 in Invocations
  9254 | D:11     | Reached **** piety under Makhleb
  9292 | D:11     | Found a staircase to the Lair.
  9424 | D:11     | HP: 4/108 [komodo dragon (13)]
  9426 | D:11     | Slain by a komodo dragon

Skill      XL: |  1  2  3  4  5  6  7  8  9 10 11 |
---------------+----------------------------------+-----
Fighting       | 3 4 5 6 7 8 9 |  9.7
Axes           | 3 4 5 6 8 10 11 12 | 12.5
Slings         | 1 2 3 4 5 7 |  7.4
Staves         | 3 4 |  4.4
Invocations    | 4 5 |  5.9
Armour         | |  3.2
Shields        | |  3.2

Action                   |  1- 3 |  4- 6 |  7- 9 | 10-12 || total
-------------------------+-------+-------+-------+-------++-------
Melee: War axe           |   117 |   214 |   508 |       ||   839
       Battleaxe         |       |       |    20 |   222 ||   242
 Fire: Hunting sling     |       |     9 |       |    40 ||    49
 Abil: Heal Wounds       |     1 |     7 |    21 |    11 ||    40
Evoke: Wand              |       |       |       |     6 ||     6
  Use: Scroll            |       |       |    12 |       ||    12
  Eat: Chunk             |     2 |     8 |    26 |    16 ||    52
       Ration            |       |       |     1 |       ||     1
Armor: Scale mail        |    57 |    58 |       |       ||   115
       Chain mail        |       |    67 |   354 |   128 ||   549
Dodge: Dodged            |    72 |    96 |   208 |    81 ||   457
